 Dungeon Crawl Stone Soup version 0.16-a0-2010-g98bc240 (webtiles) character file.

5796 Kraw the Grappler (level 10, -27/81 HPs)
             Began as a Troll Venom Mage on Nov 9, 2014.
             Was a High Priest of Okawaru.
             Killed from afar by a fire dragon (43 damage)
             ... with a blast of flame
             ... on level 9 of the Dungeon.
             The game lasted 00:56:35 (8993 turns).

Kraw the Grappler (Troll Venom Mage)                Turns: 8993, Time: 00:56:35

Health: -27/81     AC:  5    Str: 20    XL:     10   Next: 50%
Magic:  7/7        EV:  9    Int: 14    God:    Okawaru [*****.]
Gold:   551        SH:  0    Dex: 10    Spells: 2 memorised, 7 levels left

rFire  . . .     SeeInvis .       - Unarmed
rCold  . . .     Clarity  .     a - +0 robe
rNeg   . . .     SustAb   .     (shield restricted)
rPois  .         Gourm    +     R - +0 hat
rElec  .         Spirit   .     (no cloak)
rCorr  .         Warding  .     (gloves unavailable)
rMut   .         Stasis   .     (boots unavailable)
MR     .....                    (no amulet)
Stlth  +.........               K - +2 ring of strength (curse)
                                J - ring of flight (curse)

@: about to teleport, manticore barbs, not resistant to hostile enchantments,
very unstealthy
A: unfitting armour, claws 3, fast metabolism 3, gourmand, regeneration 2,
shaggy fur 1, tough skin 2
a: Heroism, Finesse, Renounce Religion, Evoke Flight


You were on level 9 of the Dungeon.
You worshipped Okawaru.
Okawaru was extremely pleased with you.
You were not hungry.

You visited 1 branch of the dungeon, and saw 9 of its levels.
You also visited: Sewer and Ossuary.

You collected 596 gold pieces.
You spent 45 gold pieces at shops.

Inventory:

Hand weapons
 b - a +6 blowgun
Missiles
 h - 18 javelins (quivered)
 v - 54 poisoned needles
 w - 6 javelins of penetration
 A - 4 curare-tipped needles
Armour
 a - a +0 robe (worn)
 R - a +0 hat (worn)
Jewellery
 J - a cursed ring of flight (left claw)
 K - a cursed +2 ring of strength (right claw)
 U - an uncursed ring of protection from magic {unknown}
Magical devices
 p - a wand of random effects (17)
 s - a wand of polymorph (16)
 t - a wand of frost (23)
 H - a wand of polymorph (17)
 M - a wand of slowing (26)
Scrolls
 d - 2 scrolls of amnesia {unknown}
 e - 3 scrolls of teleportation
 g - 3 scrolls of noise {unknown}
 k - a scroll of holy word {unknown}
 r - a scroll of vulnerability {unknown}
 y - 6 scrolls of remove curse
 E - 2 scrolls of fog {unknown}
 F - 3 scrolls of enchant armour {unknown}
 G - a scroll of immolation {unknown}
 I - 2 scrolls of acquirement {unknown}
 N - a scroll of magic mapping {unknown}
 Q - a scroll of blinking {unknown}
 T - a scroll of fear {unknown}
Potions
 i - a potion of might {unknown}
 l - 2 potions of agility
 m - 6 potions of heal wounds
 o - a potion of resistance
 q - 4 potions of curing
 u - 4 potions of flight
 B - 2 potions of cancellation
 O - a potion of brilliance
 P - a potion of restore abilities
 S - 2 potions of magic
Books
 x - a Young Poisoner's Handbook

   Spells                             Type                      Level
   *Sting                             Conjuration/Poison           1
   Cure Poison                        Poison                       2
   *Mephitic Cloud                    Conjuration/Poison/Air       3
   Olgreb's Toxic Radiance            Poison                       4
   Venom Bolt                         Conjuration/Poison           5
 C - a book of Changes

   Spells                             Type                      Level
   Beastly Appendage                  Transmutation                1
   Sticks to Snakes                   Transmutation                2
   Spider Form                        Transmutation/Poison         3
   Ice Form                           Ice/Transmutation            4
   Blade Hands                        Transmutation                5
 D - a book of Clouds

   Spells                             Type                      Level
   *Mephitic Cloud                    Conjuration/Poison/Air       3
   Conjure Flame                      Conjuration/Fire             3
   Poisonous Cloud                    Conjuration/Poison/Air       6
   Freezing Cloud                     Conjuration/Ice/Air          6
   Ring of Flames                     Charms/Fire                  7
 L - a Fen Folio

   Spells                             Type                      Level
   Corpse Rot                         Necromancy                   2
   Stone Arrow                        Conjuration/Earth            3
   Leda's Liquefaction                Hexes/Earth                  4
   Summon Forest                      Summoning/Translocation      5
   Hydra Form                         Transmutation                6
   Summon Hydra                       Summoning                    7
Comestibles
 c - 9 meat rations
 f - 8 fruits
 j - 10 bread rations
 n - 5 royal jellies


   Skills:
 - Level 1.5 Dodging
 - Level 1.1 Stealth
 + Level 12.7 Unarmed Combat
 - Level 1.2 Spellcasting
 - Level 4.6 Conjurations
 - Level 4.2 Air Magic
 - Level 2.9 Poison Magic


You had 7 spell levels left.
You knew the following spells:

 Your Spells              Type           Power        Failure   Level  Hunger
a - Sting                 Conj/Pois      ##..         6%          1    ##.....
b - Mephitic Cloud        Conj/Pois/Air  ##......     17%         3    ####...


Dungeon Overview and Level Annotations

Branches:
Dungeon (9/15)             Temple (0/1) D:4            Lair (0/8) D:9
    Orc: D:9-12

Altars:
Ashenzari
Cheibriados
Dithmenos
Elyvilon
Fedhas
Makhleb
Nemelex Xobeh
Okawaru
Ru
Sif Muna
Trog
Xom
Yredelemnul

Shops:
D:6 =   D:7 ?   D:9 !([(*


Innate Abilities, Weirdness & Mutations

You are too large for most types of armour.
You have claws for hands.
Your metabolism is lightning-fast.
You like to eat raw meat.
You heal very quickly.
You are covered in fur (AC +1).
You have very tough skin (AC +2).


Message History

The fire dragon tramples you but does no damage.
You scratch the fire dragon but do no damage.
The fire dragon is lightly wounded.
The fire dragon bites you but does no damage.
The fire dragon claws you.
The fire dragon tramples you but does no damage.
You closely miss the fire dragon. You claw the fire dragon!
The fire dragon is moderately wounded.
The hound pauses to sniff the ground.
The fire dragon bites you! The fire dragon claws you!
The fire dragon tramples you!
* * * LOW HITPOINT WARNING * * *
You stumble backwards!
Read which item? (? for menu, Esc to quit)
As you read the scroll of teleportation, it crumbles to dust.
You feel strangely unstable. The fire dragon breathes flames at you.
The blast of flame hits you!
Ouch! That really hurt!
You die...

.............###.............## #
.....###...##############...#####
.....##...##........### ##...##..
.....#...##.########..## ##.(.#..
........##.## #...## ##...##
.......##.###########...## ##..#
..##..##.###......# ###..## ##.#
.....##.####......#..(###.####.##
../#....')...⌠..@DhH..$)##......#
..#####.####......#..?###.####...
..##..##.###......# ###..## ##...
..##...##.###########...## ##....
.∩......##.## #...## ##.....
.#...#...##.########..## ##...#..
.##..##...##........### ##...##.#
..#..###...########## ###...###..
#...................###..........


You could see a fire dragon (bleeding), a manticore and a hound.

Vanquished Creatures
  Pikel (D:3)
  A cyclops (D:7)
  2 trolls (D:9)
  A hungry ghost (D:9)
  Eustachio (D:6)
  4 ice beasts
  A water moccasin (D:7)
  A sky beast (D:6)
  3 slaves
  5 ogres
  2 phantoms (D:8)
  2 orc warriors
  A necrophage (D:8)
  2 black bears
  2 big kobolds
  6 giant frogs
  14 scorpions
  3 killer bees (D:7)
  A spriggan skeleton (D:9)
  A hippogriff skeleton (D:6)
  A gnoll shaman (D:8)
  A jelly (D:9)
  A centaur skeleton (D:9)
  A centaur zombie (Ossuary)
  A giant frog skeleton (D:8)
  3 hounds
  2 iguanas
  4 orc wizards
  9 worker ants
  A crocodile skeleton (D:8)
  Ijyb (D:2)
  4 big kobold zombies (Ossuary)
  Terence (D:3)
  A hound skeleton (D:6)
  4 mummies
  8 adders
  15 gnolls
  3 scorpion zombies (Ossuary)
  2 giant mites
  A shadow imp (D:9)
  4 worms
  3 orc skeletons
  11 giant geckos
  2 oozes
  11 orcs
  A ball python (D:5)
  12 bats
  A bat zombie (D:6)
  7 giant cockroaches
  9 goblins
  13 hobgoblins
  10 jackals
  2 quokkas
  5 giant newts
  4 gnoll zombies (Ossuary)
  3 goblin zombies
  2 hobgoblin skeletons
  3 hobgoblin zombies
  20 kobolds
  A kobold skeleton (D:8)
  4 kobold zombies (Ossuary)
  An orc zombie (D:6)
  2 quokka zombies
  14 rats
  A rat skeleton (D:4)
264 creatures vanquished.

Notes
Turn   | Place    | Note
--------------------------------------------------------------
     0 | D:1      | Kraw, the Troll Venom Mage, began the quest for the Orb.
     0 | D:1      | Reached XP level 1. HP: 16/16 MP: 2/2
    23 | D:1      | Reached skill level 1 in Unarmed Combat
   142 | D:1      | Reached XP level 2. HP: 21/24 MP: 1/2
   410 | D:1      | Found an iron altar of Okawaru.
   480 | D:1      | Became a worshipper of Warmaster Okawaru
   604 | D:2      | Reached XP level 3. HP: 28/31 MP: 1/3
   673 | D:2      | Noticed Ijyb
   687 | D:2      | Killed Ijyb
   687 | D:2      | Reached skill level 3 in Unarmed Combat
   980 | D:2      | Found a blossoming altar of Fedhas.
   984 | D:2      | Found a deep blue altar of Sif Muna.
   984 | D:2      | Found a shimmering altar of Xom.
   985 | D:2      | Found a shattered altar of Ashenzari.
   985 | D:2      | Found a white marble altar of Elyvilon.
   985 | D:2      | Found a basalt altar of Yredelemnul.
   985 | D:2      | Found a snail-covered altar of Cheibriados.
   985 | D:2      | Found a burning altar of Makhleb.
  1069 | D:2      | Reached XP level 4. HP: 39/39 MP: 2/4
  1422 | D:3      | Noticed Terence
  1444 | D:3      | Killed Terence
  1444 | D:3      | Reached skill level 4 in Unarmed Combat
  1598 | D:3      | Found a glowing drain.
  1619 | Sewer    | Entered a sewer
  1667 | Sewer    | Noticed a big kobold
  1937 | Sewer    | Killed a big kobold
  1937 | Sewer    | Reached skill level 5 in Unarmed Combat
  1937 | Sewer    | Reached XP level 5. HP: 32/45 MP: 0/4
  1982 | Sewer    | Found a white marble altar of Elyvilon.
  2295 | D:3      | Found a bloodstained altar of Trog.
  2296 | D:3      | Found a sparkling altar of Nemelex Xobeh.
  2566 | D:4      | Found a staircase to the Ecumenical Temple.
  2730 | D:4      | Noticed a slave
  2764 | D:4      | Killed a slave
  2832 | D:4      | Reached XP level 6. HP: 53/53 MP: 3/5
  2837 | D:4      | Learned a level 3 spell: Mephitic Cloud
  3023 | D:4      | Noticed Pikel
  3023 | D:4      | Noticed a slave
  3023 | D:4      | Noticed a slave
  3023 | D:4      | Noticed a slave
  3037 | D:3      | Killed a slave
  3059 | D:3      | Killed a slave
  3119 | D:3      | Killed Pikel
  3119 | D:3      | Acquired Okawaru's first power
  3119 | D:3      | Reached skill level 8 in Unarmed Combat
  3119 | D:3      | Reached XP level 7. HP: 16/59 MP: 2/5
  3313 | D:5      | Entered Level 5 of the Dungeon
  3338 | D:5      | Reached skill level 1 in Conjurations
  3338 | D:5      | Reached skill level 1 in Air Magic
  3487 | D:5      | Reached XP level 8. HP: 67/67 MP: 3/6
  4112 | D:6      | Found Shrubi's Jewellery Shop.
  4193 | D:6      | Noticed Eustachio
  4206 | D:6      | Killed Eustachio
  4277 | D:6      | Reached skill level 9 in Unarmed Combat
  5197 | D:7      | Found a sand-covered staircase.
  5212 | Ossuary  | Entered an ossuary
  5401 | Ossuary  | Reached XP level 9. HP: 68/74 MP: 7/7
  6006 | D:7      | Found a sacrificial altar of Ru.
  6078 | D:7      | Found Fuzav's Magic Scroll Boutique.
  6090 | D:7      | Bought a scroll of teleportation for 45 gold pieces
  6181 | D:7      | Reached skill level 10 in Unarmed Combat
  6315 | D:7      | Noticed a cyclops
  6352 | D:7      | Killed a cyclops
  6543 | D:7      | Reached skill level 11 in Unarmed Combat
  6765 | D:8      | Reached XP level 10. HP: 81/81 MP: 7/7
  6789 | D:8      | Found a burning altar of Makhleb.
  6996 | D:8      | Found a shadowy altar of Dithmenos.
  7056 | D:8      | Acquired Okawaru's second power
  7552 | D:9      | Reached skill level 12 in Unarmed Combat
  7636 | D:9      | Found Cuigriung's Distillery.
  7680 | D:9      | Found Ciqyv's Antique Weapon Boutique.
  7965 | D:9      | Found Jisuntumno's Antique Weapon Boutique.
  7992 | D:9      | Found Dulauptauv's Assorted Antiques.
  8062 | D:9      | Found a staircase to the Lair.
  8208 | D:9      | Found Giegois' Armour Boutique.
  8988 | D:9      | Noticed a manticore
  8988 | D:9      | Noticed a fire dragon
  8993 | D:9      | Killed from afar by a fire dragon

Action                   |  1- 3 |  4- 6 |  7- 9 | 10-12 || total
-------------------------+-------+-------+-------+-------++-------
Melee: Unarmed           |   100 |   160 |   304 |   165 ||   729
 Fire: Blowgun           |       |       |    17 |     5 ||    22
Throw: Tomahawk          |       |       |    27 |       ||    27
       Javelin           |       |       |     9 |     7 ||    16
 Cast: Sting             |    24 |    47 |    76 |    19 ||   166
       Mephitic Cloud    |       |       |     3 |    10 ||    13
Invok: Heroism           |       |       |     2 |       ||     2
  Use: Scroll            |       |       |    17 |     5 ||    22
       Potion            |       |       |       |     1 ||     1
 Stab: Sleeping          |       |     2 |       |       ||     2
       Confused          |       |       |     3 |     5 ||     8
       Distracted        |       |       |       |     1 ||     1
  Eat: Chunk             |    16 |    14 |    44 |    18 ||    92
       Beef jerky        |       |       |       |     1 ||     1
